Map: [ESL] Goldenaura

Players

MaNa - Winner!

  • Race: Protoss Protoss
  • Spawn Location: 5:00

BattleB

  • Race: Terran Terran
  • Spawn Location: 12:00

Event: ESL SC2 Masters 2023 Winter (Regional)

VOD

Have the link to the VOD?

Description

Time

  • Played on: Nov. 2, 2023, 12:38 p.m.
  • Length: 12:07

All games in this series

Show
View Real Time Build Order
Export as new Build Order

MaNa Protoss - Winner!

Build Orders: 1 Gate Expand, Phoenix Opening 

Get SALT Encoding   

  12  0:00  Probe  
  13  0:12  Probe  
  14  0:17  Pylon  
  14  0:24  Probe (Chrono Boost)  
  16  0:36  Gateway, Probe (Chrono Boost)  
  16  0:43  Probe (Chrono Boost)  
  16  0:47  Assimilator  
  17  0:51  Probe  
  18  1:03  Probe  
  19  1:15  Probe  
  20  1:22  Cybernetics Core  
  20  1:27  Probe  
  21  1:35  Nexus  
  21  1:41  Pylon  
  21  1:45  Probe  
  22  1:49  Assimilator  
  22  1:57  Probe  
  22  1:59  Adept (Chrono Boost)  
  25  2:09  Probe  
  26  2:21  Stargate, Probe  
  27  2:26  Adept  
  29  2:33  Probe, Warp Gate  
  30  2:41  Pylon  
  30  2:46  Probe  
  30  2:48  Shield Battery  
  30  2:51  Probe  
  32  2:57  Stalker  
  32  2:58  Probe  
  35  3:03  Probe  
  36  3:07  Phoenix (Chrono Boost)  
  36  3:12  Probe  
  37  3:15  Probe  
  38  3:24  Probe, Phoenix (Chrono Boost)  
  41  3:27  Probe  
  42  3:37  Probe  
  42  3:41  Phoenix (Chrono Boost), Probe  
  44  3:49  Probe  
  44  3:53  Probe  
  46  4:01  Probe  
  47  4:03  Phoenix  
  47  4:05  Probe  
  47  4:07  Assimilator  
  47  4:08  Assimilator  
  50  4:13  Probe  
  50  4:16  Robotics Facility  
  51  4:17  Probe  
  52  4:25  Probe  
  52  4:29  Probe  
  54  4:34  Pylon  
  54  4:39  Pylon  
  54  4:48  Pylon  
  54  4:51  Phoenix  
  54  4:52  Sentry, Probe x2  
  60  4:55  Pylon  
  60  5:04  Probe x2  
  60  5:07  Observer (Chrono Boost)  
  60  5:09  Robotics Bay  
  61  5:14  Nexus  
  61  5:16  Probe x2, Phoenix (Chrono Boost)  
  65  5:23  Immortal (Chrono Boost)  
  69  5:30  Shield Battery  
  69  5:32  Sentry  
  69  5:34  Probe x2  
  73  5:45  Twilight Council  
  73  5:46  Probe  
  73  5:47  Probe  
  73  5:48  Gateway  
  73  5:49  Gateway  
  75  6:02  Colossus (Chrono Boost)  
  75  6:03  Probe x2  
  83  6:15  Probe x2  
  83  6:16  Charge  
  85  6:23  Pylon  
  85  6:24  Pylon  
  85  6:37  Probe x2  
  84  6:41  Shield Battery  
  84  6:42  Extended Thermal Lance (Chrono Boost), Zealot  
  84  6:43  Zealot  
  84  6:46  Zealot  
  90  6:49  Shield Battery  
  90  6:52  Colossus (Chrono Boost)  
  96  6:55  Gateway  
  96  6:57  Gateway  
  96  7:02  Probe x2  
  96  7:04  Zealot, Stalker  
  96  7:06  Phoenix (Chrono Boost)  
  103  7:25  Zealot x2  
  101  7:30  Zealot  
  101  7:33  Probe  
  98  7:39  Probe  
  94  7:46  Zealot x2, Warp Prism  
  94  7:49  Probe  
  96  7:51  Sentry  
  96  7:52  Zealot x2  
  96  7:55  Phoenix  
  103  8:06  Gateway  
  103  8:07  Gateway  
  103  8:08  Forge  
  103  8:11  Nexus  
  103  8:14  Zealot x4  
  103  8:16  Zealot  
  97  8:36  Zealot x5  
  101  8:50  Protoss Ground Weapons Level 1  
  101  8:53  Pylon  
  101  8:57  Stalker x2  
  101  8:58  Stalker x3  
  105  9:13  Colossus (Chrono Boost)  
  111  9:19  Zealot x2  
  111  9:21  Zealot x5  
  119  9:36  Probe  
  104  9:41  Zealot x6  
  104  9:53  Probe  
  104  9:54  Probe x3  
  106  10:04  Colossus (Chrono Boost)  
  106  10:05  Sentry x2, Robotics Facility  
  106  10:06  Probe  
  117  10:10  Pylon  
  117  10:12  Templar Archives  
  117  10:13  Stalker  
  119  10:14  Zealot x3  
  119  10:19  Probe x3  
  126  10:23  Photon Cannon  
  126  10:29  Shield Battery  
  126  10:33  Shield Battery  
  126  10:37  Psionic Storm  
  126  10:39  Probe  
  126  10:42  Probe  
  126  10:47  Colossus (Chrono Boost)  
  126  10:49  Zealot x4  
  128  10:50  High Templar x2  
  128  10:57  Disruptor (Chrono Boost)  
  128  11:00  Photon Cannon  
  132  11:06  Photon Cannon  
  132  11:08  Probe  
  132  11:09  Photon Cannon, Probe  
  132  11:10  Probe  
  135  11:11  Probe  
  136  11:20  Probe  
  136  11:21  Probe  
  137  11:31  Zealot x2, Stalker x5  
  139  11:55  Zealot x4  
Show
View Real Time Build Order
Export as new Build Order

BattleB Terran 

Build Orders:  

Get SALT Encoding   

  12  0:00  SCV  
  13  0:12  SCV  
  14  0:16  Supply Depot  
  14  0:24  SCV  
  15  0:38  SCV  
  15  0:40  Barracks  
  16  0:42  Refinery  
  16  0:50  SCV  
  16  0:53  Refinery  
  17  1:02  SCV  
  18  1:14  SCV  
  19  1:22  Supply Depot  
  19  1:27  Orbital Command, Reaper  
  20  1:41  Factory  
  20  1:52  SCV  
  21  1:59  Reaper  
  22  2:05  SCV  
  23  2:17  SCV  
  23  2:19  Command Center  
  24  2:28  Hellion  
  24  2:29  SCV  
  27  2:31  Barracks Reactor  
  27  2:43  SCV  
  28  2:47  Starport  
  28  2:49  Widow Mine  
  30  2:54  Supply Depot  
  30  2:58  SCV  
  31  3:10  SCV  
  31  3:15  Marine x2  
  31  3:16  Widow Mine  
  35  3:22  SCV  
  35  3:23  Medivac  
  38  3:33  Marine  
  39  3:40  Factory Tech Lab, Marine  
  39  3:41  SCV  
  41  3:42  Orbital Command  
  41  3:53  SCV  
  41  3:54  Bunker  
  42  3:56  Marine  
  42  3:57  Starport Tech Lab  
  42  3:58  Marine  
  42  4:01  Cyclone  
  45  4:05  SCV  
  45  4:09  SCV  
  47  4:13  Barracks  
  47  4:15  Supply Depot  
  47  4:16  Marine  
  47  4:17  Marine  
  48  4:20  SCV  
  48  4:21  SCV  
  53  4:24  Raven  
  53  4:29  Interference Matrix  
  52  4:32  SCV  
  52  4:33  SCV  
  52  4:36  Marine x2  
  56  4:39  Barracks  
  56  4:44  SCV, Supply Depot  
  57  4:46  SCV  
  57  4:50  Engineering Bay  
  58  4:54  Marine x2  
  58  4:56  SCV  
  58  4:58  SCV  
  58  4:59  Supply Depot  
  62  5:06  Factory Reactor  
  62  5:08  SCV  
  62  5:10  SCV  
  62  5:12  Stimpack, Marine x2  
  66  5:14  Refinery  
  66  5:17  Terran Infantry Weapons Level 1  
  66  5:19  Marine  
  67  5:24  SCV x2  
  67  5:25  Refinery  
  69  5:33  Supply Depot, Marine x2  
  71  5:36  SCV x2  
  71  5:38  Combat Shield  
  71  5:40  Marauder  
  71  5:41  Marauder  
  77  5:51  Factory Reactor, SCV  
  77  5:53  Supply Depot  
  77  5:55  Medivac, Marine x2, SCV  
  83  5:58  Medivac  
  84  6:04  Missile Turret  
  84  6:09  Marauder  
  86  6:20  Missile Turret  
  86  6:25  Supply Depot  
  86  6:26  Supply Depot  
  86  6:28  Medivac, Marine x2  
  86  6:29  Marauder  
  86  6:31  SCV, Marauder  
  86  6:32  SCV  
  94  6:39  Widow Mine  
  94  6:51  Barracks  
  94  6:52  SCV x2  
  94  6:53  Barracks, Widow Mine  
  98  6:56  Command Center  
  98  6:57  Marauder  
  98  6:58  Marauder  
  98  6:59  Marine x2  
  104  7:05  SCV x2  
  104  7:07  Widow Mine  
  108  7:10  Medivac  
  108  7:11  Terran Infantry Armor Level 1  
  110  7:21  SCV  
  110  7:22  SCV  
  109  7:23  Medivac  
  109  7:26  Marine x2  
  104  7:32  Marauder  
  104  7:33  Marauder  
  104  7:34  SCV  
  105  7:40  Medivac  
  105  7:42  Barracks Reactor, Barracks Tech Lab  
  98  7:46  SCV x2  
  98  7:49  Marine  
  98  7:50  Marine  
  97  7:56  Starport  
  97  7:57  Marauder  
  97  7:58  Viking, Marauder  
  92  8:01  SCV  
  92  8:02  SCV  
  92  8:04  Marauder  
  98  8:09  Orbital Command  
  98  8:11  Missile Turret, Marine x2  
  100  8:14  SCV  
  100  8:16  SCV  
  102  8:20  Viking  
  102  8:25  Marauder  
  102  8:26  Marauder  
  104  8:28  Viking  
  104  8:31  Marine x2  
  104  8:33  Marine  
  104  8:34  Marauder  
  102  8:35  SCV x2  
  102  8:37  Marine, SCV  
  102  8:41  Viking  
  98  8:44  Viking  
  98  8:48  Marauder  
  96  8:49  Marauder  
  96  8:50  SCV x2  
  98  8:56  Marine  
  98  8:57  Marine  
  98  8:58  Marauder  
  98  9:01  Marine  
  94  9:05  Viking  
  94  9:09  Viking, Marauder  
  97  9:12  Marine x2  
  97  9:13  Orbital Command  
  97  9:14  Marine  
  98  9:21  Viking  
  98  9:23  Viking  
  101  9:27  Marauder  
  101  9:29  Marine  
  101  9:32  Marine  
  101  9:38  Viking  
  97  9:39  Marine  
  96  9:45  Marine  
  92  9:53  Orbital Command, Viking x2, Marine  
  92  9:54  Marine x2  
  92  9:58  Marauder  
  101  10:03  Marine  
  101  10:04  SCV x2  
  101  10:06  Barracks  
  104  10:16  Marine  
  104  10:17  Marine  
  104  10:18  Marine x2  
  108  10:24  Bunker, Marine  
  109  10:31  Ghost Academy  
  109  10:38  Marine x4  
  109  10:42  Marine  
  107  10:52  Liberator  
  107  10:55  Marine  
  107  10:56  Marine x3  
  119  10:59  Ghost  
  119  11:00  Ghost  
  117  11:05  Supply Depot x2  
  117  11:10  SCV  
  117  11:11  SCV x2  
  120  11:16  Marine x4  
  120  11:28  Marauder  
  120  11:29  Marauder  
  112  11:34  Marine x4  
Tags
 
Add a new tag
Caveats
  • Supply blocks, unpowered buildings, or Contaminate may cause inaccurate times.
  • Supply counts are checked every 10 seconds.